 Dungeon Crawl Stone Soup version 0.27-a0-1113-gb2b6fe9c5e (webtiles) character file.

Game seed: 10993908945318131896

2012 Conn the Firebug (level 9, -1/55 HPs)
             Began as an Octopode Fire Elementalist on May 1, 2021.
             Was a Believer of Sif Muna.
             Slain by a bullfrog (2 damage)
             ... on level 7 of the Dungeon.
             The game lasted 00:26:29 (8907 turns).

Conn the Firebug (Octopode Fire Elementalist)       Turns: 8907, Time: 00:26:30

Health: -1/55      AC:  4    Str:  8    XL:     9   Next: 22%
Magic:  17/18      EV: 13    Int: 18    God:    Sif Muna [**....]
Gold:   246        SH:  0    Dex: 12    Spells: 9/20 levels left

rFire    . . .     SeeInvis +   a - +1 hand axe (vorpal)
rCold    . . .     Faith    .   (no shield)
rNeg     . . .     Spirit   .   v - +2 hat
rPois    .         Reflect  .   (no amulet)
rElec    .         Harm     .   y - ring of see invisible
rCorr    .         Rampage  .   (no ring)
Will     .....                  (no ring)
Stlth    +++.......             (no ring)
HPRegen  0.18/turn              (no ring)
MPRegen  0.16/turn              (no ring)
                                (no ring)
                                (no ring)

@: lethally poisoned (-1 -> -14), flying, slowed, very slow
A: almost no armour, amphibious, 8 rings, camouflage 1, gelatinous body 1,
(nimble swimmer 1), tentacles, dopey 1, sense surroundings 1, shaggy fur 1, wild
magic 1
a: Renounce Religion, Channel Magic


You were on level 7 of the Dungeon.
You worshipped Sif Muna.
Sif Muna was pleased with you.
You visited 1 branch of the dungeon, and saw 7 of its levels.

You collected 246 gold pieces.

Inventory:

Hand Weapons
 a - a +1 vorpal hand axe (weapon)
 b - a +6 hunting sling
 c - a +0 dagger
 o - the +3 trident of True Grit {drain, *Slow Str+7 SInv}
   (You found it on level 4 of the Dungeon)

   A truly terrible weapon, it drains the life of those it strikes.
   It affects your strength (+7).
   It lets you see invisible.
   It may slow you when you take damage.
 z - a +4 great sword
Missiles
 d - 56 sling bullets
 l - 2 throwing nets
 t - 49 poisoned darts
Armour
 u - a +0 buckler
 v - a +2 hat (worn)
Jewellery
 y - a ring of see invisible (left tentacle)
Wands
 g - a wand of charming (1)
 n - a wand of flame (15)
 r - a wand of iceblast (7)
 x - a wand of acid (1)
Scrolls
 e - a scroll of immolation {unknown}
 f - 5 scrolls of identify
 h - a scroll of blinking {unknown}
 i - a scroll of fear {unknown}
 j - a scroll of holy word {unknown}
 k - a scroll of magic mapping {unknown}
 m - a scroll of noise {unknown}
 q - a scroll of amnesia {unknown}
Potions
 p - a potion of heal wounds {unknown}
 s - a potion of might {unknown}
 w - a potion of flight


   Skills:
 + Level 2.4 Fighting
 + Level 2.0 Axes
 + Level 0.6 Slings
 + Level 3.1 Dodging
 + Level 3.9 Stealth
 * Level 6.0 Spellcasting
 * Level 5.6 Conjurations
 * Level 6.3 Fire Magic
 * Level 3.3 Invocations
 + Level 1.1 Evocations


You had 9 spell levels left.
You knew the following spells:

 Your Spells              Type           Power      Damage    Failure   Level
a - Foxfire               Conj/Fire      100%       2x1d9     2%          1
b - Conjure Flame         Conj/Fire      34%        6-21      5%          3
c - Inner Flame           Hex/Fire       21%        N/A       14%         3
d - Sticky Flame          Conj/Fire      34%        2d5       16%         4

Your spell library contained the following spells:

 Spells                   Type           Power      Damage    Failure   Level
 Sandblast                Erth           14%        2d6       17%         1
 Stone Arrow              Conj/Erth      40%        3d9       17%         3
 Passwall                 Tmut/Erth      5%         N/A       26%         2
 Fireball                 Conj/Fire      17%        3d9       36%         5
 Petrify                  Tmut/Erth      7%         N/A       82%         4
 Lee's Rapid Deconstruct  Erth           3%         3d6*      98%         5


Dungeon Overview and Level Annotations

Branches:
Dungeon (7/15)             Temple (0/1) D:6

Altars:
Ashenzari
Gozag
Qazlal
Sif Muna
Uskayaw
Xom

Shops:
D:2 ?=??[


Innate Abilities, Weirdness & Mutations

You cannot wear most types of armour.
You are amphibious.
You can wear up to eight rings at the same time.
Your skin changes colour to match your surroundings (Stealth+).
Your rubbery body absorbs attacks. (AC +1, EV +1)
((You are camouflaged near water. (Stealth+)))
You have tentacles for arms and can constrict up to eight enemies at once.
You are dopey. (Int -2)
You passively map a small area around you.
You are covered in fur. (AC +1)
Your spells are a little harder to cast, but a little more powerful.


Message History

You constrict the kobold brigand.
You feel very sick.
The kobold brigand hits you with a +0 club.
The kobold brigand barely misses you.
You hit the kobold brigand but do no damage.
The kobold brigand is heavily wounded.
You constrict the kobold brigand.
You feel sick.
The kobold brigand struggles to escape constriction. x2
You hit the kobold brigand. You squeeze the kobold brigand.
You kill the kobold brigand!
Sif Muna accepts your kill.
You feel sick. The kobold hits you but does no damage.
You are more poisoned.
You barely miss the kobold. You grab the kobold. You constrict the kobold.
You feel very sick. The kobold barely misses you. x2
You hit the kobold but do no damage.
The kobold is heavily wounded.
You constrict the kobold, but do no damage.
You feel very sick.
The kobold hits you with a +0 dagger of venom.
You are more poisoned.
The kobold hits you with a +0 dagger of venom.
You are lethally poisoned!
You hit the kobold.
You kill the kobold!
Sif Muna accepts your kill.
* * * LOW HITPOINT WARNING * * *
You feel extremely sick. The bullfrog hits you.
* * * LOW HITPOINT WARNING * * *
The bullfrog releases a deep croak.
The bullfrog barely misses you.
It was a potion of flight.
You feel very buoyant.
You fly up into the air.
* * * LOW HITPOINT WARNING * * *
You feel extremely sick. The bullfrog hits you.
You die...

* , ... .. *
...... * ,
..... , ,
#.#.)#.# , ,
#.##.#.# ,
#.##.#)#
#.##F#.#
#.##.@.# , #
## #.###..# *
.,,.#
#.##...# *, #
*.#
######.##.#>#
, , # .#
#.........#.#
###.#
#.####.##.#.#
** ....# #.#
#....#.# **
....# #.#
######..,,,
##.####.# ###
* **


You could see a bullfrog.

Vanquished Creatures
  Prince Ribbit (D:6)
  Eustachio (D:6)
  A black bear (D:5)
  3 ogres
  A kobold brigand (D:7)
  A gnoll sergeant (D:6)
  A scorpion (D:4)
  2 water moccasin skeletons
  A howler monkey (D:3)
  4 wights (D:6)
  A bullfrog zombie (D:5)
  3 bullfrog skeletons
  2 jellies
  A centaur zombie (D:5)
  3 hounds
  3 orc priests
  Jessica (D:3)
  3 iguanas
  2 orc wizards (D:5)
  2 hound skeletons
  A howler monkey zombie (D:5)
  5 gnolls
  7 adders
  3 shadow imps (D:6)
  A white imp (D:6)
  2 ufetubi
  3 worms
  A dart slug (D:3)
  13 orcs
  5 endoplasms
  3 giant cockroaches
  6 goblins
  11 hobgoblins
  16 jackals
  3 quokkas
  4 ball pythons
  7 bats
  5 frilled lizards
  9 kobolds
  4 rats
146 creatures vanquished.

Vanquished Creatures (collateral kills)
  An adder (D:5)
  A foxfire (D:2)
2 creatures vanquished.

Vanquished Creatures (others)
  514 foxfires
  3 plants (D:2)
517 creatures vanquished.

Grand Total: 665 creatures vanquished

Notes
Turn   | Place    | Note
-------+----------+-------------------------------------------
     0 | D:1      | Conn the Octopode Fire Elementalist began the quest for the
                  | Orb.
     0 | D:1      | Reached XP level 1. HP: 11/11 MP: 3/3
   211 | D:1      | Reached XP level 2. HP: 15/17 MP: 0/5
   455 | D:2      | Found Subonon's Magic Scroll Shop.
   638 | D:2      | Reached XP level 3. HP: 20/21 MP: 2/6
   689 | D:2      | Found Kialu's Jewellery Boutique.
  1408 | D:1      | Reached XP level 4. HP: 21/27 MP: 4/8
  1687 | D:2      | Found a faded altar of an unknown god.
  1750 | D:2      | Found Xuhib's Armour Shop.
  1929 | D:2      | Found Netuj's Magic Scroll Emporium.
  1993 | D:2      | Found Zoef's Magic Scroll Shoppe.
  2166 | D:3      | Noticed Jessica
  2177 | D:3      | Killed Jessica
  2182 | D:3      | Found a shimmering blue altar of Sif Muna.
  2190 | D:3      | Became a worshipper of Sif Muna the Loreminder
  2466 | D:3      | Reached XP level 5. HP: 31/31 MP: 5/9
  3346 | D:3      | Learned a level 3 spell: Conjure Flame
  3350 | D:3      | Learned a level 3 spell: Inner Flame
  3696 | D:4      | Identified the +3 trident of True Grit {drain, *Slow Str+7
                  | SInv}
  3770 | D:4      | Gained mutation: You are covered in fur. (AC +1) [potion of
                  | mutation]
  3770 | D:4      | Gained mutation: Your spells are a little harder to cast,
                  | but a little more powerful. [potion of mutation]
  3770 | D:4      | Gained mutation: You are dopey. (Int -2) [potion of
                  | mutation]
  3770 | D:4      | Gained mutation: You passively map a small area around you.
                  | [potion of mutation]
  3787 | D:4      | Noticed an ogre
  3809 | D:3      | Reached skill level 1 in Invocations
  3809 | D:3      | Reached XP level 6. HP: 3/37 MP: 8/11
  4412 | D:4      | Reached * piety under Sif Muna
  4626 | D:4      | Found a stormy altar of Qazlal.
  4630 | D:4      | Noticed a fire elemental
  4630 | D:4      | Noticed a water elemental
  4630 | D:4      | Noticed an air elemental
  4739 | D:4      | Reached skill level 5 in Fire Magic
  4739 | D:4      | Reached XP level 7. HP: 32/42 MP: 6/13
  5044 | D:4      | Found a hide-covered altar of Uskayaw.
  5247 | D:5      | Entered Level 5 of the Dungeon
  5551 | D:5      | Learned a level 4 spell: Sticky Flame
  6023 | D:5      | Reached skill level 1 in Fighting
  6196 | D:5      | Found a broken altar of Ashenzari.
  6217 | D:5      | Reached skill level 1 in Axes
  6472 | D:5      | Reached XP level 8. HP: 41/48 MP: 9/14
  7055 | D:6      | Noticed Prince Ribbit
  7290 | D:6      | Reached skill level 5 in Spellcasting
  7296 | D:6      | Killed Prince Ribbit
  7648 | D:6      | Reached ** piety under Sif Muna
  7788 | D:6      | Found an opulent altar of Gozag.
  8028 | D:6      | Found a staircase to the Ecumenical Temple.
  8057 | D:6      | Noticed Eustachio
  8124 | D:6      | Killed Eustachio
  8125 | D:6      | Reached skill level 5 in Conjurations
  8125 | D:6      | Reached skill level 1 in Evocations
  8125 | D:6      | Reached XP level 9. HP: 43/55 MP: 15/17
  8753 | D:6      | Found a shimmering altar of Xom.
  8907 | D:7      | HP: 1/55 [poisoned by a kobold]
  8907 | D:7      | Slain by a bullfrog

Illustrated notes

Levels and vault maps discovered:
D:1:      minmay_arrival_jagged, layout_rooms
D:2:      layout_rooms, shapermc_ecumenical_altar_mp_ritualfount, serial_shops,
          nicolae_shop_stone, nicolae_shop_waterfront, shop,
          nicolae_shop_behind_doors, shop
D:3:      minmay_door_path, layout_basic, tgw_sif, cheibrodos_sewer_entry_bend,
          hangedman_feature_mirror
D:4:      layout_basic, nicolae_qazlal_style_of_elements,
          general_overflow_altar, minmay_bisected
D:5:      layout_basic, nicolae_ashenzari_panopticon
D:6:      layout_loops_ring, grunt_gozag_breadcrumbs,
          lemuel_coloured_pillars_altar, minmay_temple_entry_waves,
          minmay_misc_feat_nine_boxes, uniq_eustachio, uniq_prince_ribbit1
D:7:      layout_basic, lemuel_crystal_altar, lemuel_zombie_altar_yredelemnul,
          serial_shops, shop, uniq_pikel

Skill      XL: |  1  2  3  4  5  6  7  8  9 |
---------------+----------------------------+-----
Spellcasting   | 3 4 5 6 |  6.0
Stealth        | 3 |  3.9
Conjurations   | 2 3 4 5 |  5.6
Fire Magic     | 4 5 6 |  6.3
Invocations    | 1 2 3 |  3.3
Fighting       | 1 2 |  2.4
Axes           | 1 2 |  2.0
Dodging        | 3 |  3.1
Evocations     | 1 |  1.1
Slings         | |  0.6

Action                   |  1- 3 |  4- 6 |  7- 9 || total
-------------------------+-------+-------+-------++-------
Melee: Unarmed           |    11 |       |       ||    11
       Constrict         |     5 |     4 |    14 ||    23
       Tentacles         |     2 |     5 |    11 ||    18
       Dagger            |     9 |     8 |       ||    17
       Hand axe          |       |     7 |    53 ||    60
 Fire: Hunting sling     |       |       |    12 ||    12
 Cast: Foxfire           |    64 |   104 |   120 ||   288
       Conjure Flame     |       |     2 |     8 ||    10
       Sticky Flame      |       |       |     2 ||     2
       Inner Flame       |       |       |     1 ||     1
Evoke: Wand              |       |       |    13 ||    13
  Use: Potion            |       |     1 |     2 ||     3
       Scroll            |       |       |     3 ||     3
 Stab: Sleeping          |       |       |     1 ||     1
Armor: Skin              |     5 |     5 |    22 ||    32
Dodge: Dodged            |    39 |    48 |    83 ||   170

Table legend: (Time is in decaauts)
 A = Elapsed time spent in this place.
 B = Non-inter-level travel time spent in this place.
 C = Inter-level travel time spent in this place.
 D = Time resting spent in this place.
 E = Time spent auto-exploring this place.
 F = Levels seen in this place.
 G = Mean time per level.
                   A        B        C        D        E       F      G
               +--------+--------+--------+--------+--------+-----+--------+
         Total |   8929 |   8733 |    196 |   1541 |   4986 |   7 | 1275.6 |
       Dungeon |   8929 |   8733 |    196 |   1541 |   4986 |   7 | 1275.6 |
               +--------+--------+--------+--------+--------+-----+--------+

Top non-repeatable levels by time:
     D:6: 1871 daAuts
     D:3: 1818 daAuts
     D:5: 1735 daAuts
     D:4: 1376 daAuts
     D:1: 1241 daAuts
     D:2: 813 daAuts
     D:7: 72 daAuts
